cohdb
Replays
Latest Replays
All Replays
Popular Replays
Top Player Replays
Match Explorer
How It Works
Community
CoH3 Stats
Reddit
Sign in to upload your games and track your stats! →
Sign in with Steam
Match 47133084
Unlisted
Match 47133084
Overview
Messages
Build Orders
End
Construct Infanterie Kompanie
Selects Terror Battlegroup
Selects Machine Gun Camouflage
MG 42 Machine Gun Team
Grenadier Squad
Grenadier Squad
MG 42 Machine Gun Team
Selects Contempt for the Weak
Construct Panzergrenadier Kompanie
Support Elements
Panzergrenadier Squad
Medical Station
Nebelwerfer 42 Rocket Launcher Team
StuG III G Assault Gun
StuG III G Assault Gun
Nebelwerfer 42 Rocket Launcher Team
Panzergrenadier Officer Quarters
Selects No Quarter
Panzergrenadier Squad
Construct Panzer Kompanie
Panzer IV Medium Tank
Selects Jericho Trumpet
Jericho Trumpet
Selects V1 Rocket Strike
V1 Rocket Strike
Panzer IV Medium Tank
Panzer Officer Quarters
V1 Rocket Strike
Panzer IV Medium Tank
Jericho Trumpet
TimBurrito
xxxDerOzelotxxx
Geist
Smash
6block
Dar
XXSAMA
Good day
0
0
Comments
sign in to comment!
No comments posted yet!